 Dungeon Crawl Stone Soup version 0.23.2-1-ga50397a6bc (webtiles) character file.

Game seed: 5824545431958789463

25308 Gargoyl the Agent of Entropy (level 12, -2/110 HPs)
             Began as a Centaur Abyssal Knight on May 28, 2019.
             Was a Priest of Lugonu.
             Slain by a wyvern (10 damage)
             ... on level 4 of the Lair of Beasts.
             The game lasted 00:30:10 (20723 turns).

Gargoyl the Agent of Entropy (CeAK)                Turns: 20723, Time: 00:30:11

Health: -2/110     AC: 29    Str: 20    XL:     12   Next: 88%
Magic:  19/19      EV:  5    Int: 11    God:    Lugonu [***...]
Gold:   784        SH:  7    Dex: 15    Spells: 11/11 levels left

rFire    . . .     SeeInvis .   J - +0 war axe (venom)
rCold    . . .     Gourm    .   v - +2 buckler
rNeg     . . .     Faith    .   e - +0 plate armour
rPois    .         Spirit   .   C - +2 hat {MR+}
rElec    .         Reflect  .   M - +2 cloak {+Inv}
rCorr    .         Harm     .   o - +0 pair of gloves
MR       ++...                  f - +3 centaur barding
Stlth    ..........             (no amulet)
HPRegen  0.28/turn              g - +3 ring of strength
MPRegen  0.16/turn              l - +3 ring of dexterity

@: very quick
A: large, hooves 3, yellow scales 1, deformed body, speed 2, magic resistance 1,
robust 1, tough skin 3, evolution 1
a: Depart the Abyss, Bend Space, Banish, Renounce Religion, Evoke Invisibility


You were on level 4 of the Lair of Beasts.
You worshipped Lugonu.
Lugonu was most pleased with you.
You were not hungry.

You visited 2 branches of the dungeon, and saw 14 of its levels.
You visited the Abyss 1 time.

You collected 784 gold pieces.

Inventory:

Hand Weapons
 a - a +2 hand axe
 J - a +0 war axe of venom (weapon)
Missiles
 t - 3 bolts
Armour
 e - a +0 plate armour (worn)
 f - a +3 centaur barding (worn)
 o - a +0 pair of gloves (worn)
 v - a +2 buckler (worn)
 C - a +2 hat of magic resistance (worn)
 M - a +2 cloak of invisibility (worn)
Jewellery
 b - an uncursed ring of protection from fire
 g - a +3 ring of strength (left hand)
 l - a +3 ring of dexterity (right hand)
 n - an uncursed ring of see invisible {unknown}
 q - an uncursed ring of magical power {unknown}
Wands
 r - a wand of acid (3)
 s - a wand of polymorph (10)
 y - a wand of digging (9)
 F - a wand of flame (14)
Scrolls
 d - 2 scrolls of fear
 h - 6 scrolls of remove curse
 i - a scroll of fog
 m - 9 scrolls of teleportation
 p - 4 scrolls of identify
 I - a scroll of amnesia
Potions
 j - 3 potions of might
 k - 3 potions of heal wounds
 w - 6 potions of flight
 x - 3 potions of haste
 z - a potion of agility
 B - a potion of berserk rage
 D - a potion of brilliance
 E - a potion of magic
 G - a potion of degeneration {unknown}
 H - a potion of ambrosia {unknown}
 K - a potion of invisibility {unknown}
 L - a potion of resistance
Comestibles
 c - 23 rations


   Skills:
 + Level 7.3 Fighting
 + Level 9.6 Axes
   Level 2.9 Crossbows
 + Level 1.8 Throwing
 * Level 9.0 Armour
 * Level 6.9 Dodging
 + Level 4.1 Shields
 * Level 10.2 Invocations
 + Level 0.4 Evocations


You had 11 spell levels left.
You didn't know any spells.
Your spell library contained the following spells:

 Spells                   Type           Power        Failure   Level  Hunger
 Flame Tongue             Conj/Fire      #....        100%        1    ##.....
 Shock                    Conj/Air       #...         100%        1    ##.....
 Swiftness                Chrm/Air       #.......     100%        2    ###....
 Throw Flame              Conj/Fire      #.....       100%        2    ###....
 Conjure Flame            Conj/Fire      #.......     100%        3    ####...
 Inner Flame              Hex/Fire       #.......     100%        3    ####...
 Static Discharge         Conj/Air       #.......     100%        3    ####...
 Airstrike                Air            #.........   100%        4    #####..
 Sticky Flame             Conj/Fire      #.......     100%        4    #####..
 Fireball                 Conj/Fire      #.........   100%        5    ######.
 Lightning Bolt           Conj/Air       #.........   100%        5    ######.


Dungeon Overview and Level Annotations

Branches:
Dungeon (10/15)            Temple (0/1) D:7            Lair (4/6) D:8
  Swamp (0/4) Lair:2       Spider (0/4) Lair:3          Orc (0/2) D:9

Altars:
Ashenzari
Dithmenos
Fedhas
Hepliaklqana
Nemelex Xobeh
Okawaru
Qazlal
Ru
Yredelemnul
The Shining One

Shops:
D:9 [


Innate Abilities, Weirdness & Mutations

You have hooves in place of feet.
Armour fits poorly on your strangely shaped body.
You cover ground very quickly.
You have extremely tough skin. (AC +3)
You are partially covered in yellow scales. (AC +2)
You are resistant to hostile enchantments. (MR+)
You are robust. (+10% HP)
You evolve.


Message History

The wyvern bites you.
* * * LOW HITPOINT WARNING * * *
The wyvern bites you but does no damage.
You barely miss the wyvern.
The wyvern is lightly wounded.
The wyvern bites you but does no damage.
You closely miss the wyvern. You kick the wyvern.
The wyvern is moderately wounded.
The wyvern bites you!
* * * LOW HITPOINT WARNING * * *
The wyvern bites you but does no damage.
You slash the wyvern!
The wyvern is poisoned.
You kick the wyvern, but do no damage.
The wyvern is severely wounded.
The wyvern bites you but does no damage.
You hit the wyvern but do no damage.
The wyvern looks as sick as possible!
The wyvern is almost dead.
The wyvern bites you but does no damage.
The wyvern bites you!
You die...

.#...P......# ##
#..≈........##
##.##
######.......#
.....
#####........#
.....
#.......>...##
..P..##.#.........#
....#.............#
#...≈..(.......#
###........(..l@.#
#...#............#
#.#....#)#†#P#####
#.......#.####
#.....#.###
##...#### #... ####


You could see a wyvern.

Vanquished Creatures
  Gastronok (Lair:1)
  The ghost of Thantalas the Fighter, a journeyman MiBe of Trog (Lair:2)
  Josephine (D:9)
  Erica (Lair:1)
  2 death yaks (Lair:3)
  An elephant (Lair:4)
  Joseph (D:7)
  2 black mambas (Lair:2)
  8 spiny frogs
  2 komodo dragons
  A meliai (Lair:4)
  A queen bee (Lair:4)
  6 blink frogs
  9 hippogriffs
  13 yaks
  3 wraiths
  3 wyverns
  Grum (D:8)
  A soldier ant (D:10)
  4 water moccasins
  An ice beast (D:10)
  4 porcupines
  3 sky beasts
  4 black bears
  6 orc warriors
  An eye of draining (D:10)
  A necrophage (D:10)
  3 wolves (D:8)
  A phantom (D:4)
  A centaur (D:9)
  9 crocodiles
  3 ogres
  A big kobold (D:9)
  12 bullfrogs
  4 scorpions
  20 killer bees
  8 wights
  6 howler monkeys
  4 centaur zombies
  3 crimson imps
  2 jellies
  A quasit (D:9)
  2 hounds
  Crazy Yiuf (D:2)
  2 orc priests
  2 bullfrog skeletons
  2 centaur skeletons
  6 iguanas
  A hell rat (Lair:4)
  3 orc wizards
  9 worker ants
  A hound zombie (D:8)
  A worker ant zombie (D:8)
  4 gnolls (D:3)
  12 adders
  A shadow imp (D:7)
  2 adder skeletons
  4 worms
  2 dart slugs
  4 leopard geckos
  27 orcs
  3 giant cockroaches
  5 goblins
  4 hobgoblins
  19 jackals
  5 quokkas
  3 ball pythons
  7 bats
  8 frilled lizards
  2 jackal skeletons
  13 kobolds
  6 rats
  A fungus (D:8)
  3 plants (Lair:3)
325 creatures vanquished.

Vanquished Creatures (others)
  2 hydras
  An unseen horror (D:10)
  2 swamp dragons (Lair:2)
  A black mamba (Lair:2)
  2 meliai (Lair:4)
  42 fungi
  7 plants
57 creatures vanquished.

Grand Total: 382 creatures vanquished

Notes
Turn   | Place    | Note
-------+----------+-------------------------------------------
     0 | Abyss:1  | Gargoyl the Centaur Abyssal Knight began the quest for the
                  | Orb.
     0 | Abyss:1  | Reached XP level 1. HP: 19/19 MP: 2/2
    49 | Abyss:2  | Noticed an iron imp
    56 | Abyss:2  | Gained mutation: You are robust. (+10% HP) [potion of
                  | mutation]
    56 | Abyss:2  | Gained mutation: You are resistant to hostile enchantments.
                  | (MR+) [potion of mutation]
    56 | Abyss:2  | Gained mutation: You are clumsy. (Dex -2) [potion of
                  | mutation]
    56 | Abyss:2  | Gained mutation: You evolve. [potion of mutation]
    72 | Abyss:2  | Noticed a ynoxinul
    83 | D:1      | Escaped the Abyss
   420 | D:1      | Reached XP level 2. HP: 27/28 MP: 3/3
   451 | D:1      | Reached * piety under Lugonu
   616 | D:1      | Reached skill level 1 in Dodging
   774 | D:2      | Reached XP level 3. HP: 34/34 MP: 4/4
  1119 | D:2      | Found a stormy altar of Qazlal.
  1122 | D:2      | Found a blossoming altar of Fedhas.
  1127 | D:2      | Found a sparkling altar of Nemelex Xobeh.
  1213 | D:2      | Found a runed translucent door.
  1214 | D:2      | Noticed Crazy Yiuf
  1317 | D:2      | Found a faded altar of an unknown god.
  1379 | D:2      | Found a hazy altar of Hepliaklqana.
  1458 | D:2      | Killed Crazy Yiuf
  1458 | D:2      | Reached XP level 4. HP: 42/42 MP: 5/5
  1992 | D:3      | Reached XP level 5. HP: 37/50 MP: 7/7
  1995 | D:3      | Reached ** piety under Lugonu
  2224 | D:3      | Reached skill level 3 in Invocations
  2418 | D:3      | Found a basalt altar of Yredelemnul.
  2934 | D:4      | Noticed a phantom
  2986 | D:4      | Killed a phantom
  2986 | D:4      | Reached XP level 6. HP: 46/57 MP: 8/8
  3128 | D:4      | Found an iron altar of Okawaru.
  3289 | D:4      | Reached skill level 1 in Throwing
  3614 | D:5      | Entered Level 5 of the Dungeon
  4150 | D:5      | Reached XP level 7. HP: 64/64 MP: 9/9
  4289 | D:6      | Found a shattered altar of Ashenzari.
  4301 | D:6      | Reached *** piety under Lugonu
  4433 | D:6      | Reached skill level 4 in Invocations
  5144 | D:6      | Lost mutation: You are clumsy. (Dex -2) [evolution]
  5455 | D:7      | Reached XP level 8. HP: 56/72 MP: 11/11
  5571 | D:7      | Found a staircase to the Ecumenical Temple.
  5590 | D:7      | Noticed Joseph
  5616 | D:7      | Killed Joseph
  5616 | D:7      | Reached skill level 5 in Axes
  5813 | D:7      | Reached skill level 1 in Shields
  5909 | D:7      | Reached skill level 5 in Invocations
  6296 | D:7      | Noticed a hippogriff
  6323 | D:7      | Killed a hippogriff
  6631 | D:7      | Reached XP level 9. HP: 79/79 MP: 13/13
  7544 | D:8      | Reached skill level 5 in Armour
  7553 | D:8      | Reached **** piety under Lugonu
  7922 | D:8      | Reached skill level 5 in Fighting
  8104 | D:8      | Found a staircase to the Lair.
  8120 | D:8      | Reached skill level 6 in Invocations
  8377 | D:8      | Found a shadowy altar of Dithmenos.
  8511 | D:8      | Noticed Grum
  8526 | D:8      | Killed Grum
  8526 | D:8      | Reached XP level 10. HP: 65/89 MP: 14/14
  8891 | Lair:1   | Entered Level 1 of the Lair of Beasts
  9658 | D:9      | Found a staircase to the Orcish Mines.
  9658 | D:9      | Found Ixtaubra's Armour Shop.
 10242 | D:8      | Reached skill level 7 in Invocations
 10445 | D:9      | Reached ***** piety under Lugonu
 10504 | D:9      | Identified a scroll of acquirement
 10639 | D:9      | Found a glowing golden altar of the Shining One.
 10843 | D:9      | Reached skill level 5 in Dodging
 11426 | D:10     | Entered Level 10 of the Dungeon
 11529 | D:10     | Banished an unseen horror
 12191 | D:10     | Noticed Josephine
 12224 | D:9      | Killed Josephine
 12224 | D:9      | Reached XP level 11. HP: 52/97 MP: 16/16
 13234 | D:10     | Found a sacrificial altar of Ru.
 14618 | Lair:1   | Noticed Gastronok
 14859 | Lair:1   | Reached skill level 8 in Invocations
 15205 | Lair:1   | Noticed Erica
 15219 | Lair:1   | Killed Erica
 15453 | Lair:1   | Killed Gastronok
 15777 | Lair:2   | Found a stormy altar of Qazlal.
 15937 | Lair:2   | Gained mutation: You are partially covered in yellow
                  | scales. (AC +2) [evolution]
 16050 | Lair:2   | Found a staircase to the Swamp.
 16054 | Lair:2   | Noticed Thantalas's ghost (journeyman MiBe)
 16080 | Lair:2   | Found a runed translucent door.
 16218 | Lair:2   | Got an ichor-stained arbalest
 16263 | D:8      | Identified the +5 arbalest "Corghiv" {elec, rF+ rC++ MR+
                  | Str-4} (You found it on level 2 of the Lair of Beasts)
 16358 | Lair:2   | Reached XP level 12. HP: 100/106 MP: 18/18
 16700 | Lair:2   | Found a transporter.
 16903 | Lair:2   | Found a transporter.
 17188 | Lair:2   | Killed Thantalas's ghost
 17188 | Lair:2   | Reached skill level 1 in Crossbows
 18070 | Lair:2   | Reached skill level 9 in Invocations
 18513 | Lair:3   | Found a hole to the Spider Nest.
 19063 | Lair:3   | Noticed a five-headed hydra
 19079 | Lair:3   | Banished a five-headed hydra
 19900 | Lair:4   | Noticed a seven-headed hydra
 19902 | Lair:4   | Banished a seven-headed hydra
 20091 | Lair:4   | Reached skill level 10 in Invocations
 20100 | Lair:4   | Noticed a death yak
 20107 | Lair:4   | Noticed a death yak
 20443 | Lair:3   | Killed a death yak
 20463 | Lair:3   | Killed a death yak
 20723 | Lair:4   | Slain by a wyvern

Skill      XL: |  1  2  3  4  5  6  7  8  9 10 11 12 |
---------------+-------------------------------------+-----
Dodging        | 1 2 3 4 5 6 |  6.9
Axes           | 2 3 4 5 6 7 9 |  9.6
Armour         | 2 3 4 5 7 8 9 |  9.0
Invocations    | 3 4 5 6 7 8 10 | 10.2
Throwing       | 1 |  1.8
Fighting       | 4 5 6 7 |  7.3
Shields        | 1 2 3 4 |  4.1
Crossbows      | 2 |  2.9
Evocations     | |  0.4

Action                   |  1- 3 |  4- 6 |  7- 9 | 10-12 || total
-------------------------+-------+-------+-------+-------++-------
Melee: Hand axe          |   117 |   166 |   415 |   459 ||  1157
       Kick              |    16 |    56 |   129 |   298 ||   499
       War axe           |       |       |       |   321 ||   321
 Fire: Arbalest          |       |       |       |    73 ||    73
Throw: Tomahawk          |       |    26 |       |       ||    26
       Javelin           |       |       |     3 |    10 ||    13
Invok: Depart the Abyss  |     1 |       |       |       ||     1
       Banish            |       |       |       |    12 ||    12
       Bend Space        |       |       |       |     1 ||     1
Evoke: Wand              |       |       |       |     6 ||     6
  Use: Potion            |     1 |       |       |    12 ||    13
       Scroll            |     4 |     7 |     4 |    13 ||    28
  Eat: Chunk             |     1 |     7 |     9 |     9 ||    26
       Ration            |       |       |     1 |     9 ||    10
Armor: Plate armour      |   122 |   241 |   393 |   737 ||  1493
       Chain mail        |     3 |       |       |       ||     3
Dodge: Dodged            |    10 |    19 |    44 |   165 ||   238
Block: Buckler           |       |     1 |   150 |   300 ||   451
